[Event "*** SCC Grand Prix: Titled Tuesday Blitz"]
[Site "Chess.com"]
[Date "2020.06.09"]
[Round "5"]
[White "zajka-molotok"]
[Black "korbul"]
[Result "0-1"]
[WhiteElo "2381"]
[BlackElo "2519"]
[TimeControl "180+1"]
[EndTime "9:56:11 PDT"]
[Termination "korbul won on time"]

1. b4 d5 2. Bb2 e6 3. e3 Nf6 4.
b5 Bd6 5. Nf3 c6 6. c4 Nbd7 7.
a4 Qe7 8. Be2 O-O 9. O-O Re8 10.
d4 Ne4 11. Nc3 f5 12. Qb3 g5 13. Nxe4 fxe4 14. Nd2 Nf6 15. Ba3 Bd7 16. Bxd6 Qxd6 17. Qa3 Qxa3 18. Rxa3 e5 19. Nb3 Bg4 20. Bxg4 Nxg4 21.
h3 Nf6 22. cxd5 cxd5 23. dxe5 Rxe5 24. Rc1 g4 25. h4 g3 26. fxg3 Ng4 27. Nd4 Re7 28.
Rac3 Rf8 29. Ne2 Ne5 30. Nf4 Rd8 31. Rc8 Rd7 32. Rxd8+ Rxd8 33. Rc7 Nc4 34. Rxb7 Nxe3 35. Rxa7 d4 36. Kf2 Ng4+ 37. Ke1 Rc8 38. b6 Rc1+ 39. Kd2 Rb1 40. b7 e3+ 41. Kd3 Ne5+ 42. Kxd4 Nc6+ 43. Kxe3 Nxa7 0-1

[Event "*** SCC Grand Prix: Titled Tuesday Blitz"]
[Site "Chess.com"]
[Date "2020.06.09"]
[Round "5"]
[White "FMalexhdez"]
[Black "Vandros57"]
[Result "1/2-1/2"]
[WhiteElo "2110"]
[BlackElo "2239"]
[TimeControl "180+1"]
[EndTime "9:56:11 PDT"]
[Termination "Game drawn by repetition"]

1. e4 c5 2. Nf3 e6 3. d4 cxd4 4.
Nxd4 Nf6 5. Nc3 Nc6 6. Nb3 a6 7.
Be2 Qc7 8. O-O Be7 9. f4 d6 10. Be3 O-O 11. g4 d5 12. e5 Ne4 13. Nxe4 dxe4 14. Qe1 f5 15. exf6 Bxf6 16. c3 e5 17. f5 h6 18. Nc5 b6 19. Nxe4 Bb7 20. g5 hxg5 21. Bc4+ Rf7 22. Bxg5 Nd8 23. Bxf7+ Nxf7 24. Bxf6 gxf6 25. Nxf6+ Kf8 26. Qh4 Qc6 27. Nh7+ Ke8 28. Nf6+ Kf8 29. Nh7+ Ke8 30. Nf6+ Kf8 1/2-1/2

[Event "*** SCC Grand Prix: Titled Tuesday Blitz"]
[Site "Chess.com"]
[Date "2020.06.09"]
[Round "5"]
[White "GregShahade"]
[Black "Vesper2018"]
[Result "0-1"]
[WhiteElo "2553"]
[BlackElo "2416"]
[TimeControl "180+1"]
[EndTime "9:56:12 PDT"]
[Termination "Vesper2018 won by resignation"]

1. e4 c5 2. Nf3 d6 3. d4 cxd4 4. Nxd4 Nf6 5. Nc3 a6 6. Be3 e5 7. Nb3 Be7 8. f3 Be6 9. Qd2 O-O 10. O-O-O a5 11. a4 Nc6 12. Bb5 Nb4 13. Kb1 d5 14. exd5 Bf5 15. Rc1 Nfxd5 16. Nxd5 Nxd5 17. Bc5 Bg5 18. Qf2 Bxc1 19. Bxf8 Be3 20. Qe2 Qxf8 21. Rd1 Nb4 22.
Na1 Bd4 23. g4 Bg6 24. h4 h6 25. h5 Bh7 26. Bc4 Rd8 27. f4 exf4 28. Qf3 Bf6 29.
Re1 Nxc2 30. Nxc2 Qb4 31. Bxf7+ Kxf7 32. Re7+ Bxe7 0-1

[Event "*** SCC Grand Prix: Titled Tuesday Blitz"]
[Site "Chess.com"]
[Date "2020.06.09"]
[Round "5"]
[White "blitzking1729"]
[Black "StephenDedalus83"]
[Result "1/2-1/2"]
[WhiteElo "2560"]
[BlackElo "2743"]
[TimeControl "180+1"]
[EndTime "9:56:16 PDT"]
[Termination "Game drawn by agreement"]

1. d4 Nf6 2. Bg5 e6 3. Nd2 h6 4. Bh4 d6 5. c3 g5 6. Bg3 Nh5 7. e4 Nxg3 8. hxg3 Bg7 9. Ngf3 Nd7 10. Bd3 a6 11. Qe2 b6 12. e5 Bb7 13. exd6 cxd6 14.
Ne4 Qc7 15. O-O d5 16. Ned2 O-O 17. Rac1 b5 18. Rfe1 Rfe8 19. Ne5 f6 20. Nxd7 Qxd7 21. f4 e5 22. fxe5 fxe5 23. dxe5 Rxe5 24. Qh5 Qe8 25.
Qxe8+ Raxe8 26. Nf3 Rxe1+ 27. Rxe1 Rxe1+ 28. Nxe1 b4 29.
cxb4 Bxb2 30. b5 a5 31. Nf3 Kf7 32. Kf2 Ke6 33. Ke3 Kd6 34. Nd4 Kc5 35. Nf5 d4+ 36. Kf2 Bd5 37. Bb1 Kxb5 38. Nxh6 Kc4 39. Ng4 Kc3 40.
Ne5 a4 41. Nf3 d3 42. Nxg5 d2 43. Ke2 Bxa2 44. Ne4+ Kd4 45. Bxa2 Kxe4 46. Kxd2 Kf5 47. Kc2 1/2-1/2

[Event "*** SCC Grand Prix: Titled Tuesday Blitz"]
[Site "Chess.com"]
[Date "2020.06.09"]
[Round "5"]
[White "VALPARAISO37"]
[Black "Volodar_Murzin"]
[Result "0-1"]
[WhiteElo "2404"]
[BlackElo "2713"]
[TimeControl "180+1"]
[EndTime "9:56:16 PDT"]
[Termination "Volodar_Murzin won by resignation"]

1. d4 Nf6 2. c4 g6 3. Nc3 Bg7 4. e4 d6 5. f3 O-O 6. Be3 Nbd7 7.
Nh3 e5 8. d5 a5 9. Qd2 Nc5 10.
g4 a4 11. Nf2 c6 12. h4 Qa5 13. h5 cxd5 14. cxd5 Bd7 15. Bh6 a3 16. Bxg7 axb2 17.
Rb1 Kxg7 18. Rxb2 Rfc8 19. Nfd1 Be8 20. Bb5 Rc7 21. Bxe8 Nxe8 22. hxg6 fxg6 23. Ne3 Nd3+ 24. Qxd3 Rxc3 25. Rxb7+ Kg8 26. Qd1 Rc1+ 27. Kf2 Rxd1 28.
Rxd1 Qxa2+ 29. Kg3 Qe2 30. Rb3 Ra2 31. Kh4 Qh2+ 0-1

[Event "*** SCC Grand Prix: Titled Tuesday Blitz"]
[Site "Chess.com"]
[Date "2020.06.09"]
[Round "5"]
[White "Ashedu66"]
[Black "TrenerChos"]
[Result "0-1"]
[WhiteElo "2163"]
[BlackElo "2358"]
[TimeControl "180+1"]
[EndTime "9:56:17 PDT"]
[Termination "TrenerChos won on time"]

1. d4 Nf6 2. Nf3 g6 3. c4 Bg7 4. Nc3 O-O 5. e4 d6 6. h3 Nc6 7.
d5 Nb8 8. Bg5 h6 9. Be3 Nbd7 10.
Bd3 Nh7 11. Qd2 g5 12. h4 g4 13. Nh2 h5 14. Nf1 Ne5 15. Ng3 Nxd3+ 16. Qxd3 e6 17. Nxh5 f5 18. Nxg7 Kxg7 19. exf5 exf5 20. Bd4+ Kg8 21.
O-O-O Bd7 22. Ne2 Nf6 23. Nf4 Ne4 24. Rdf1 c5 25. dxc6 bxc6 26. h5 c5 27. Bc3 Qe7 28.
Ng6 Qg5+ 29. Kb1 Rfe8 30. f4 Qh6 31. Re1 Bc6 32. Rhf1 Qxh5 33. Qxd6 Nxd6 34. Ne5 Be4+ 35. Ka1 Bxg2 36. Rg1 Qh3 37. a3 Ne4 38. Rd1 Rad8 39.
Nd7 Bf3 40. Rd5 Nxc3 41. bxc3 Bxd5 0-1

[Event "*** SCC Grand Prix: Titled Tuesday Blitz"]
[Site "Chess.com"]
[Date "2020.06.09"]
[Round "5"]
[White "Pintacara"]
[Black "NateSolon"]
[Result "0-1"]
[WhiteElo "2331"]
[BlackElo "2521"]
[TimeControl "180+1"]
[EndTime "9:56:18 PDT"]
[Termination "NateSolon won on time"]

1. d4 Nf6 2. Bg5 d5 3. Bxf6 exf6 4. e3 Bd6 5. c4 dxc4 6. Bxc4 O-O 7. Nc3 c6 8. Nf3 Nd7 9. O-O f5 10. a4 a5 11. Bd3 Nf6 12. Qc2 g6 13. Rad1 Re8 14. Bc4 Qc7 15. g3 Be6 16. Bxe6 Rxe6 17. Nd2 Bb4 18.
Nc4 Rd8 19. Rc1 Kg7 20. Rfd1 h5 21. Ne2 h4 22. Nf4 Ree8 23. Ne5 Bd6 24. Nfd3 Nd5 25. Qb3 hxg3 26. hxg3 Rh8 27. Nf4 Nb4 28. Nfd3 Qe7 29. Nxb4 axb4 30. Nf3 Qe4 31. Kg2 Rh2+ 32. Kxh2 Qxf3 33.
Kg1 Rh8 0-1

[Event "*** SCC Grand Prix: Titled Tuesday Blitz"]
[Site "Chess.com"]
[Date "2020.06.09"]
[Round "5"]
[White "szefru"]
[Black "Angel_Hranitel_37"]
[Result "0-1"]
[WhiteElo "2144"]
[BlackElo "2375"]
[TimeControl "180+1"]
[EndTime "9:56:18 PDT"]
[Termination "Angel_Hranitel_37 won by resignation"]

1. Nf3 Nf6 2. b3 g6 3. Bb2 Bg7 4. d4 O-O 5. Nbd2 d6 6. e4 c6 7.
Bd3 Nbd7 8. O-O Qc7 9. Re1 e5 10. c4 Re8 11. Rc1 b6 12. h3 Nh5 13. g3 exd4 14.
Bxd4 Ne5 15. Bf1 c5 16. Bxe5 dxe5 17. Bg2 Bh6 18. Rc3 Rd8 19. Qe2 Bb7 20. Rd3 Rxd3 21. Qxd3 Rd8 22. Qc3 Bxd2 23. Nxd2 Qd6 24. Nf3 f6 25.
Bf1 Ng7 26. Be2 Ne6 27. Qe3 Nd4 28. Nxd4 exd4 29. Qd3 Qe6 30. Bf3 Qxh3 31. Bg2 Qe6 32. Qf3 f5 33. exf5 Qxe1+ 34. Bf1 Bxf3 0-1

[Event "*** SCC Grand Prix: Titled Tuesday Blitz"]
[Site "Chess.com"]
[Date "2020.06.09"]
[Round "5"]
[White "ChelsieMonica"]
[Black "Kapibara_Warri0r"]
[Result "1-0"]
[WhiteElo "2370"]
[BlackElo "2121"]
[TimeControl "180+1"]
[EndTime "9:56:18 PDT"]
[Termination "ChelsieMonica won on time"]

1. c4 e5 2. Nc3 Nf6 3. Nf3 e4 4. Nd4 c6 5. d3 exd3 6. exd3 d5 7. Be2 Be7 8. O-O c5 9. Nf3 d4 10. Ne4 Nxe4 11. dxe4 O-O 12. Bd3 Bg4 13. h3 Bh5 14. g4 Bg6 15. Ne5 Nd7 16. Nxd7 Qxd7 17. f4 h6 18. f5 Bh7 19. e5 Bh4 20. Qf3 a6 21.
a4 a5 22. Bd2 Ra6 23. Qd5 Qxd5 24. cxd5 Rb6 25. Bb5 Ra8 26. b3 Bd8 27. Rac1 g6 28. Rxc5 gxf5 29. gxf5 f6 30. e6 Be7 31. Rc7 Bd6 32. Rd7 Kh8 33. Kh1 Rg8 34. Bxa5 Rxb5 35. axb5 Be5 36. Rd8 d3 37. Rxg8+ Kxg8 38. Bb4 1-0

[Event "*** SCC Grand Prix: Titled Tuesday Blitz"]
[Site "Chess.com"]
[Date "2020.06.09"]
[Round "5"]
[White "1stSecond"]
[Black "Jungle_Jaguar"]
[Result "1-0"]
[WhiteElo "2796"]
[BlackElo "2608"]
[TimeControl "180+1"]
[EndTime "9:56:20 PDT"]
[Termination "1stSecond won on time"]

1. d4 Nf6 2. Nf3 e6 3. g3 d5 4. Bg2 Be7 5. O-O O-O 6. c4 dxc4 7. Qc2 a6 8. a4 Bd7 9. Rd1 Bc6 10. Bg5 b5 11.
Bxf6 Bxf6 12. Nbd2 h6 13. e3 Qe7 14. b3 cxb3 15.
Nxb3 bxa4 16. Na5 Bd5 17. Rxa4 Qd7 18. Ne5 Bxe5 19. dxe5 Qb5 20. Rb1 Qd7 21. Rd4 c6 22. e4 c5 23. Qxc5 Rc8 24. Qb6 Nc6 25. Nxc6 Rxc6 26. Qb2 Rcc8 27. exd5 Qa7 28. dxe6 Rab8 29. exf7+ Kf8 30. Qa3+ Kxf7 31. Bd5+ Kg6 32. Qd3+ 1-0

[Event "*** SCC Grand Prix: Titled Tuesday Blitz"]
[Site "Chess.com"]
[Date "2020.06.09"]
[Round "5"]
[White "dosto07"]
[Black "RaphCamora"]
[Result "0-1"]
[WhiteElo "2130"]
[BlackElo "2475"]
[TimeControl "180+1"]
[EndTime "9:56:20 PDT"]
[Termination "RaphCamora won on time"]

1. e4 c5 2. Nf3 Nc6 3. Bb5 g6 4. O-O Bg7 5. c3 Nf6 6. Re1 O-O 7. e5 Nd5 8. d4 cxd4 9. cxd4 d6 10. Nc3 Nxc3 11. bxc3 dxe5 12. Bxc6 bxc6 13. Nxe5 c5 14. Nc6 Qd6 15. Nxe7+ Kh8 16. Nxc8 Raxc8 17. Ba3 Rfd8 18. Bxc5 Qf4 19. Qb3 a5 20. Re7 Kg8 21. g3 Qf3 22.
Rae1 h5 23. R1e3 Qf5 24. Qb5 Rb8 25. Qd3 Rb1+ 26. Kg2 Qd5+ 27. Qe4 Qxa2 28. Re8+ Rxe8 29. Qxe8+ Kh7 30. Qe4 Rb2 0-1

[Event "*** SCC Grand Prix: Titled Tuesday Blitz"]
[Site "Chess.com"]
[Date "2020.06.09"]
[Round "5"]
[White "colegiodemadrid"]
[Black "Bhagya_2312"]
[Result "1-0"]
[WhiteElo "2372"]
[BlackElo "2135"]
[TimeControl "180+1"]
[EndTime "9:56:20 PDT"]
[Termination "colegiodemadrid won by checkmate"]

1. e4 c6 2. d4 d5 3. e5 Bf5 4. h4 h5 5. Bd3 Bxd3 6. Qxd3 e6 7.
Bg5 Qb6 8. Nd2 Nd7 9. Ngf3 Nh6 10. O-O Nf5 11. c4 Qa6 12. Qc2 Nb6 13. b3 Rc8 14. c5 Nd7 15. a4 Qa5 16. b4 Qc7 17. b5 f6 18. exf6 gxf6 19. Rfe1 Kf7 20. Rxe6 Ng7 21. Rxf6+ Nxf6 22. Ne5+ Ke6 23. Qg6 Ne8 24. Re1 Qg7 25. Nxc6+ Kd7 26. Qf5+ Kc7 27. Bf4+ Nd6 28. cxd6+ Bxd6 29. Re7+ Qxe7 30. Nxe7 Bxf4 31. Qxf4+ Kd7 32. Nf5 Rcf8 33.
Qd6+ Kc8 34. Ne7# 1-0

[Event "*** SCC Grand Prix: Titled Tuesday Blitz"]
[Site "Chess.com"]
[Date "2020.06.09"]
[Round "5"]
[White "maciek_92"]
[Black "yamalchess"]
[Result "1-0"]
[WhiteElo "2667"]
[BlackElo "2442"]
[TimeControl "180+1"]
[EndTime "9:56:22 PDT"]
[Termination "maciek_92 won by resignation"]

1. d4 f5 2. c4 Nf6 3. Nc3 g6 4.
g3 Bg7 5. Bg2 O-O 6. Nh3 Nc6 7.
O-O d6 8. d5 Ne5 9. b3 c6 10.
Bb2 Qc7 11. Rc1 Bd7 12. Nf4 Rae8 13. dxc6 bxc6 14. c5 d5 15. b4 Nc4 16. Ncxd5 cxd5 17. Bxf6 Bxf6 18. Nxd5 Qc8 19. Rxc4 Bb5 20. Nxf6+ exf6 21. Rd4 Bxe2 22. Qb3+ Kh8 23. Rc1 Bb5 24. a4 Bc6 25.
Bxc6 Qxc6 26. b5 Qc7 27. c6 Re2 28. Qd3 Rfe8 29. Rd7 Qb6 30. Qd4 Qxd4 31. Rxd4 Rc8 32. c7 Ree8 33. a5 Kg7 34. b6 axb6 35. axb6 Re7 36.
Rd8 1-0

[Event "*** SCC Grand Prix: Titled Tuesday Blitz"]
[Site "Chess.com"]
[Date "2020.06.09"]
[Round "5"]
[White "AliKa2810"]
[Black "amatatanav"]
[Result "1-0"]
[WhiteElo "2590"]
[BlackElo "2419"]
[TimeControl "180+1"]
[EndTime "9:56:25 PDT"]
[Termination "AliKa2810 won on time"]

1. d4 Nf6 2. c4 e6 3. Nf3 d5 4.
Nc3 Be7 5. Bf4 O-O 6. e3 Nbd7 7. c5 Nh5 8. Bd3 Nxf4 9. exf4 b6 10. b4 a5 11. a3 c6 12. O-O Ba6 13. Re1 Bxd3 14. Qxd3 Qc7 15. g3 Ra7 16. Kg2 Rfa8 17. Rab1 axb4 18.
axb4 g6 19. h4 Bf6 20. h5 Ra3 21. Ne5 Nxe5 22. fxe5 Bg5 23. Re2 bxc5 24. bxc5 Qa5 25. Rc2 Qa6 26. Qd1 Qc4 27. Ne4 Rd3 28. Qe2 Qxc2 29. Qxc2 dxe4 30. Rb4 Rd8 31. Qa4 Kg7 32.
Qxc6 1-0

[Event "*** SCC Grand Prix: Titled Tuesday Blitz"]
[Site "Chess.com"]
[Date "2020.06.09"]
[Round "5"]
[White "tylityli"]
[Black "j2806"]
[Result "1/2-1/2"]
[WhiteElo "2262"]
[BlackElo "2027"]
[TimeControl "180+1"]
[EndTime "9:56:25 PDT"]
[Termination "Game drawn by repetition"]

1. d4 Nf6 2. c4 e6 3. Nc3 d5 4. cxd5 exd5 5. Bg5 Be7 6. e3 Nbd7 7. Bd3 c6 8. Nge2 Nh5 9. Bxe7 Qxe7 10. Qc2 g6 11. O-O-O Nb6 12. Kb1 Bd7 13. h3 O-O-O 14. g4 Ng7 15.
Nf4 f5 16. Rdg1 Rhf8 17. g5 Qd6 18. Nce2 Ne6 19. h4 Nxf4 20. Nxf4 Be8 21. a3 Kb8 22. b4 Bf7 23. Kb2 Nd7 24. Rc1 Rc8 25. Qa4 Qc7 26.
Ka1 Qb6 27. Rb1 Rfd8 28. Qb3 Ka8 29. a4 Nf8 30. a5 Qc7 31. a6 b5 32. Kb2 Nd7 33. Rbc1 Qd6 34. h5 Nb6 35. hxg6 hxg6 36.
Rh6 Nc4+ 37. Bxc4 bxc4 38. Qa4 Rb8 39. Kc3 Rb5 40. Rh7 Qf8 41. Rch1 Rdb8 42. Rb1 Qe8 43. Rh6 R5b6 44. Rh7 Qg8 45. Rh6 Qe8 46. Rh7 Qg8 47. Rh6 Qe8 1/2-1/2

[Event "*** SCC Grand Prix: Titled Tuesday Blitz"]
[Site "Chess.com"]
[Date "2020.06.09"]
[Round "5"]
[White "Danesz22"]
[Black "arminmusovic"]
[Result "0-1"]
[WhiteElo "2356"]
[BlackElo "2541"]
[TimeControl "180+1"]
[EndTime "9:56:27 PDT"]
[Termination "arminmusovic won by resignation"]

1. e4 c6 2. d4 d5 3. Nc3 dxe4 4. Nxe4 Nf6 5. Qd3 Nxe4 6. Qxe4 Nd7 7. Nf3 Nf6 8. Qe2 Bg4 9. c3 Bh5 10. g3 e6 11. Bg2 Be7 12. O-O O-O 13. Bf4 Nd5 14. Bd2 Re8 15. Rfe1 Qc7 16. Qc4 Rad8 17. Ne5 Bd6 18.
b4 b5 19. Qf1 f6 20. Nd3 Nb6 21. Bf4 Bxf4 22. Nxf4 Bf7 23. Nd3 Nc4 24. Nc5 e5 25.
dxe5 Nd2 26. Qe2 Rxe5 27. Qg4 Rg5 28. Ne6 Qd7 29. Qe2 Re5 30. Nxd8 Rxe2 31. Rxe2 Qxd8 32.
Bxc6 Nc4 33. Rae1 Kf8 34. f4 Qb6+ 0-1

[Event "*** SCC Grand Prix: Titled Tuesday Blitz"]
[Site "Chess.com"]
[Date "2020.06.09"]
[Round "5"]
[White "Nikithebest"]
[Black "Anaj14"]
[Result "1-0"]
[WhiteElo "2449"]
[BlackElo "2288"]
[TimeControl "180+1"]
[EndTime "9:56:28 PDT"]
[Termination "Nikithebest won on time"]

1. e4 d6 2. d4 g6 3. Nc3 Bg7 4. Bf4 a6 5. Qd2 b5 6. f3 Nd7 7.
O-O-O Nb6 8. a3 h5 9. h4 Be6 10. Nh3 Bc4 11. Ng5 Nf6 12. Bd3 Nfd7 13. Be3 Bxd3 14. cxd3 e6 15. Kb1 Qe7 16. f4 Nf6 17.
Rhe1 Ng4 18. Bg1 O-O 19. f5 Rac8 20. Rf1 exf5 21. exf5 d5 22. Rde1 Qd6 23. fxg6 fxg6 24. Rxf8+ Rxf8 25. Re6 Qg3 26. Ka2 Bf6 27. Nf3 Rf7 28.
Re8+ Kg7 29. Qe2 1-0

[Event "*** SCC Grand Prix: Titled Tuesday Blitz"]
[Site "Chess.com"]
[Date "2020.06.09"]
[Round "5"]
[White "bazar-wokzal"]
[Black "maciejos95"]
[Result "1-0"]
[WhiteElo "2388"]
[BlackElo "2482"]
[TimeControl "180+1"]
[EndTime "9:56:29 PDT"]
[Termination "bazar-wokzal won by resignation"]

1. e4 c5 2. c3 g6 3. d4 cxd4 4. cxd4 d5 5. e5 Nc6 6. Nc3 Nh6 7. Bf4 Bg4 8. Qd2 Ng8 9. h3 Be6 10. Nf3 Rc8 11. Ng5 Qb6 12. Nxe6 fxe6 13. Be3 h5 14.
Bd3 Bh6 15. Bxg6+ Kd7 16. O-O h4 17. Na4 Qb4 18. Nc5+ Kc7 19. Nxe6+ Kb8 20. Qxb4 Nxb4 21. Bxh6 Nxh6 22. f4 Rc6 23. f5 Rg8 24. Nf4 Nc2 25.
Nxd5 Rcxg6 26. fxg6 Nxa1 27. Rxa1 Rxg6 28. Nxe7 Rg7 29. Nd5 Rd7 30. e6 Rd8 31. e7 Re8 32. Rf1 Kc8 33. Rf8 Kd7 34. Nf6+ Kxe7 35. Rxe8+ Kxf6 36. Rb8 b6 37. Rb7 1-0

[Event "*** SCC Grand Prix: Titled Tuesday Blitz"]
[Site "Chess.com"]
[Date "2020.06.09"]
[Round "5"]
[White "Gabrielian_Artur"]
[Black "AnishGiri"]
[Result "0-1"]
[WhiteElo "2747"]
[BlackElo "2972"]
[TimeControl "180+1"]
[EndTime "9:56:30 PDT"]
[Termination "AnishGiri won by resignation"]

1. e4 c5 2. Nc3 d6 3. d4 cxd4 4. Qxd4 Nc6 5. Qd2 g6 6. b3 Bh6 7. f4 Nf6 8. Bb2 O-O 9. O-O-O e5 10. g3 Re8 11. Kb1 Nd4 12. Nge2 Bg4 13. Nxd4 exd4 14.
Qxd4 Bg7 15. Nd5 Bxd1 16. Nxf6+ Bxf6 17. Qxf6 Qxf6 18. Bxf6 Bf3 19. Rg1 Bxe4 20. Bh3 Bf5 21. Bxf5 gxf5 22. g4 Rac8 23. gxf5+ Kf8 24. c4 Re2 25. Rd1 Rxh2 26. Rxd6 Ke8 27. c5 h5 28. Bg5 h4 29. b4 h3 30. Rh6 Kd7 31. a4 a6 32. b5 axb5 33. axb5 Rxc5 34. Rh7 Rxb5+ 35. Kc1 Rxf5 0-1

[Event "*** SCC Grand Prix: Titled Tuesday Blitz"]
[Site "Chess.com"]
[Date "2020.06.09"]
[Round "5"]
[White "bascheyaro"]
[Black "SamuelGhimpu2003"]
[Result "1/2-1/2"]
[WhiteElo "2741"]
[BlackElo "2604"]
[TimeControl "180+1"]
[EndTime "9:56:32 PDT"]
[Termination "Game drawn by agreement"]

1. d4 Nf6 2. c4 g6 3. Nf3 Bg7 4.
Nc3 d5 5. Bf4 O-O 6. c5 Ne4 7.
e3 b6 8. cxb6 axb6 9. Qb3 Nxc3 10. bxc3 c5 11. Bb5 Ba6 12. Bxa6 Rxa6 13. O-O c4 14.
Qb2 Ra5 15. Rfb1 b5 16. Bxb8 Qxb8 17. a4 Qb6 18. axb5 Rxa1 19. Qxa1 Rb8 20. g3 e6 21. Nd2 h5 22. Qa6 e5 23. f4 e4 24. Kg2 Bf8 25.
h3 Bd6 26. Ra1 Bc7 27. Qxb6 Rxb6 28. Ra7 Bb8 29. Ra5 Bc7 30. Kf1 Kg7 31. Ke2 Kf6 32.
Ra6 Ke7 33. Rxb6 Bxb6 34. g4 hxg4 35. hxg4 Ba5 36. Nb1 Kd7 37. Kd2 Kc7 38. Kc2 Kb7 39. f5 gxf5 40. gxf5 Kc7 41. Nd2 1/2-1/2

[Event "*** SCC Grand Prix: Titled Tuesday Blitz"]
[Site "Chess.com"]
[Date "2020.06.09"]
[Round "5"]
[White "Dinamo81"]
[Black "Rakhmanov_Aleksandr"]
[Result "1-0"]
[WhiteElo "2642"]
[BlackElo "2815"]
[TimeControl "180+1"]
[EndTime "9:56:33 PDT"]
[Termination "Dinamo81 won on time"]

1. d4 Nf6 2. Bf4 d6 3. Nc3 Nbd7 4. Nf3 c5 5. d5 b5 6. Nxb5 Qa5+ 7. Nc3 Nb6 8. Bd2 Nc4 9. b3 Nxd2 10. Qxd2 g6 11.
e4 Bg7 12. Bb5+ Nd7 13. e5 O-O 14. Bxd7 Bxd7 15. Ne4 Qc7 16. Rd1 dxe5 17. d6 Qc6 18. Qd5 exd6 19. Nxd6 e4 20. Qxc6 Bxc6 21. Ng5 Bc3+ 22.
Ke2 Bd4 23. Ngxe4 f5 24. c3 Be5 25. Nc4 Rfe8 26. Nxc5 Bxg2 27. Kd2 1-0

[Event "*** SCC Grand Prix: Titled Tuesday Blitz"]
[Site "Chess.com"]
[Date "2020.06.09"]
[Round "5"]
[White "viktorskliarov"]
[Black "juniortay"]
[Result "1-0"]
[WhiteElo "2588"]
[BlackElo "2418"]
[TimeControl "180+1"]
[EndTime "9:56:33 PDT"]
[Termination "viktorskliarov won by checkmate"]

1. e4 e5 2. Nc3 Nf6 3. Bc4 Nxe4 4.
Qh5 Nd6 5. Bb3 Nc6 6. Nb5 g6 7. Qf3 f5 8. Qd5 Qe7 9. Nxc7+ Kd8 10. Nxa8 b6 11. Qd3 Bb7 12. Nxb6 axb6 13. Ne2 f4 14. Nc3 Nd4 15. Bd5 Qg5 16. Bxb7 Nxb7 17. Kf1 Nc5 18. Qh3 Nxc2 19. Rb1 Nd4 20. b4 Nce6 21. d3 Be7 22. Ne4 Qf5 23. Qxf5 gxf5 24. Nc3 Rg8 25. Nd5 b5 26.
Bb2 Bd6 27. Bxd4 Nxd4 28. f3 Nc2 29. Kf2 Bb8 30. Rhc1 Ba7+ 31. Kf1 Ne3+ 32. Nxe3 Bxe3 33. Rc2 d5 34. Rb3 d4 35. Ra3 Kd7 36. Ra7+ Kd6 37.
Ra6+ Kd5 38. Rc5# 1-0

[Event "*** SCC Grand Prix: Titled Tuesday Blitz"]
[Site "Chess.com"]
[Date "2020.06.09"]
[Round "5"]
[White "rugbyclub"]
[Black "Logman74"]
[Result "1-0"]
[WhiteElo "2127"]
[BlackElo "2348"]
[TimeControl "180+1"]
[EndTime "9:56:33 PDT"]
[Termination "rugbyclub won on time"]

1. c4 Nf6 2. Nc3 g6 3. e4 d6 4. d4 Bg7 5. f4 O-O 6. Nf3 c5 7.
d5 e6 8. dxe6 fxe6 9. Bd3 Nc6 10. O-O Nd4 11. Nxd4 cxd4 12. Ne2 e5 13. Ng3 Bd7 14. f5 Bc6 15. b4 a6 16. b5 Bd7 17.
a4 axb5 18. cxb5 gxf5 19. Nxf5 Be6 20. Ba3 d5 21. Nxg7 Kxg7 22. exd5 Bxd5 23. Bxf8+ Qxf8 24. Rc1 e4 25. Rc7+ Kh8 26. Bxe4 Qd6 27. Qxd4 Rf8 28.
Rxh7+ Kg8 29. Bxd5+ Kxh7 30. Be4+ Nxe4 31. Qxe4+ Kg7 32.
Qxb7+ Kh6 33. Qc6 1-0

[Event "*** SCC Grand Prix: Titled Tuesday Blitz"]
[Site "Chess.com"]
[Date "2020.06.09"]
[Round "5"]
[White "GustavoJuarezF"]
[Black "Kopytkin"]
[Result "0-1"]
[WhiteElo "1982"]
[BlackElo "2338"]
[TimeControl "180+1"]
[EndTime "9:56:34 PDT"]
[Termination "Kopytkin won on time"]

1. e4 c6 2. Nc3 d5 3. Nf3 g6 4. d3 Bg7 5. g3 e5 6. Bg2 Ne7 7. O-O O-O 8. exd5 Nxd5 9. Bd2 Re8 10. h3 Nd7 11. Re1 N7b6 12. a4 f6 13. a5 Nxc3 14. bxc3 Nd5 15. c4 Nc7 16. Bc3 Bf5 17. Nd2 Qd7 18.
Kh2 Rad8 19. g4 Be6 20. Ne4 Na6 21. Qb1 h6 22. Qb2 Qc7 23. Reb1 Rd7 24. Qa3 f5 25. Nc5 Nxc5 26. Qxc5 e4+ 27. Kg1 Bxc3 28. gxf5 gxf5 29.
dxe4 Bd4 30. Qa3 Rg7 31. Kh1 fxe4 32. Rg1 Bxa1 33. Qxa1 Bf5 0-1

[Event "*** SCC Grand Prix: Titled Tuesday Blitz"]
[Site "Chess.com"]
[Date "2020.06.09"]
[Round "5"]
[White "WIDBIFS"]
[Black "Shtembuliak"]
[Result "1-0"]
[WhiteElo "2692"]
[BlackElo "2852"]
[TimeControl "180+1"]
[EndTime "9:56:35 PDT"]
[Termination "WIDBIFS won by resignation"]

1. d4 g6 2. Nf3 Bg7 3. Bf4 d6 4.
e3 Nd7 5. h3 e5 6. Bh2 Nh6 7.
Nbd2 O-O 8. dxe5 dxe5 9. c3 Qe7 10. e4 f5 11. Bc4+ Kh8 12. O-O f4 13. b4 g5 14.
Bb3 g4 15. hxg4 Nxg4 16. Qe2 Rf6 17. Nh4 Nxh2 18. Kxh2 Rh6 19. g3 Nf6 20. Kg2 Bg4 21. Ndf3 Rf8 22. Rae1 Nh5 23. Nf5 Bxf5 24. exf5 fxg3 25.
fxg3 Bf6 26. Nxe5 Qg7 27. Ng4 Bh4 28. gxh4 Nf6 29. Kh3 Rh5 30. Nxf6 Rxh4+ 31. Kxh4 Qxf6+ 32. Kh3 Qh6+ 33. Kg3 Qg5+ 34. Qg4 1-0

[Event "*** SCC Grand Prix: Titled Tuesday Blitz"]
[Site "Chess.com"]
[Date "2020.06.09"]
[Round "5"]
[White "ChessyInstinct"]
[Black "1f3_2g41-0"]
[Result "1-0"]
[WhiteElo "2395"]
[BlackElo "2208"]
[TimeControl "180+1"]
[EndTime "9:56:35 PDT"]
[Termination "ChessyInstinct won by checkmate"]

1. d4 Nf6 2. c4 g6 3. Nc3 d5 4.
Bg5 Ne4 5. Bf4 Nxc3 6. bxc3 Bg7 7. Nf3 O-O 8. e3 c5 9. cxd5 Qxd5 10. Be2 Nc6 11. O-O cxd4 12. cxd4 Bg4 13. h3 Bf5 14. Rc1 Rac8 15. Bc4 Qd7 16. Qe2 Rfd8 17. Ng5 Rf8 18.
g4 Be6 19. Nxe6 fxe6 20. Bg3 Na5 21. Bb5 Qd5 22. Ba4 Kh8 23. Qb5 a6 24. Qxd5 exd5 25. Bd7 Rc4 26. Be6 b5 27. Bxd5 Ra4 28. Rc7 Rd8 29. Be6 Nc4 30. Rxe7 Rxa2 31. Ra7 Nd2 32. Bxa2 Nxf1 33. Kxf1 Rc8 34. Be6 Rc1+ 35. Kg2 Bf8 36.
Be5+ Bg7 37. Bxg7# 1-0

[Event "*** SCC Grand Prix: Titled Tuesday Blitz"]
[Site "Chess.com"]
[Date "2020.06.09"]
[Round "5"]
[White "Chess2019Player"]
[Black "GMCarbone"]
[Result "0-1"]
[WhiteElo "2165"]
[BlackElo "2376"]
[TimeControl "180+1"]
[EndTime "9:56:35 PDT"]
[Termination "GMCarbone won on time"]

1. e4 e5 2. Nf3 Nc6 3. Bb5 a6 4. Ba4 Nf6 5. O-O Nxe4 6. d4 Be7 7. d5 Nc5 8. Bb3 Nxb3 9. axb3 Nb8 10. Nxe5 d6 11. Ng4 O-O 12. Nc3 f5 13. Ne3 f4 14.
Nc4 Nd7 15. f3 Ne5 16. Nxe5 dxe5 17. Re1 Bd6 18. Ne4 Bf5 19. Qe2 Qh4 20. Bd2 Rae8 21. Ba5 Re7 22. Qf2 Qh5 23. Ra4 g5 24. Rc4 g4 25. fxg4 Qxg4 26. Nxd6 cxd6 27. Bb4 Rf6 28. Rc3 Rg7 29. Kh1 Rfg6 30. Rg1 Be4 31. h3 Rh6 32. Kh2 Bxd5 0-1

[Event "*** SCC Grand Prix: Titled Tuesday Blitz"]
[Site "Chess.com"]
[Date "2020.06.09"]
[Round "5"]
[White "fm24601"]
[Black "MartinMatthiesen"]
[Result "0-1"]
[WhiteElo "2524"]
[BlackElo "2379"]
[TimeControl "180+1"]
[EndTime "9:56:36 PDT"]
[Termination "MartinMatthiesen won on time"]

1. e4 c5 2. Nf3 d6 3. Bb5+ Bd7 4. Bxd7+ Nxd7 5. O-O Ngf6 6. Re1 e6 7. d4 cxd4 8. Qxd4 Be7 9. c4 O-O 10. Nc3 a6 11. b3 Qa5 12. Bb2 Rac8 13. Qd2 Qh5 14. a4 Rfd8 15. Rad1 Ng4 16. h3 Nge5 17. Nxe5 dxe5 18.
Qc2 Bb4 19. Rf1 Qg5 20. Bc1 Qg6 21. Na2 Bc5 22. Nc3 Bd4 23. Be3 Bxe3 24. fxe3 a5 25.
Qd3 Qg5 26. Nb5 Nc5 27. Qc3 Nxe4 28. Rxd8+ Rxd8 29. Qxa5 Ng3 30. Re1 h5 31. Qc3 e4 32.
Nd4 e5 33. Nc2 Rd3 34. Qb4 Nf5 35. c5 Qh4 36. Qxe4 Qxe4 0-1